TOP OF THE 1ST |
Santa Fe Diablos batting - Pitching for Memphis Blues : RHP Chris Jennings
|
Pitching: RHP Chris Jennings
|
|
Batting: SHB Ángel Díaz
|
0-0: Swinging Strike 0-1: Ball 1-1: Swinging Strike 1-2: Ball 2-2: Foul Ball, location: 2F 2-2: Ball 3-2: Ground out U3 (Groundball, 34S)
|
Batting: RHB Luis Mercado
|
0-0: Ball 1-0: Fly out, F7 (Flyball, 7S)
|
Batting: LHB Merrill Erickson
|
0-0: Ball 1-0: Ball 2-0: Fly out, F7 (Flyball, 78S)
|
Top of the 1st over - 0 runs, 0 hits, 0 errors, 0 left on base; Santa Fe 0 - Memphis 0 |
BOTTOM OF THE 1ST |
Memphis Blues batting - Pitching for Santa Fe Diablos : RHP Hal Sutcliffe
|
Pitching: RHP Hal Sutcliffe
|
|
Batting: RHB Albert Morán
|
0-0: Called Strike 0-1: Ball 1-1: Called Strike 1-2: SINGLE (Line Drive, 7LS)
|
Batting: SHB Hang-ki Yue
|
0-0: Ball 1-0: Called Strike 1-1: Ball 2-1: Ball 3-1: Called Strike 3-2: Strikes out looking Albert Morán steals 2nd base Batter strikes out.
|
Batting: SHB Fernando Gutiérrez
|
0-0: Swinging Strike 0-1: Ball 1-1: Foul Ball, location: 2F 1-2: Ball 2-2: Reached on error, E6 (Groundball, 6MD) Albert Morán scores
|
Batting: RHB Julian Lee
|
0-0: Ball 1-0: SINGLE (Line Drive, 8LS) Fernando Gutiérrez to third
|
Batting: RHB Ryan Nelson
|
0-0: Called Strike Julian Lee is caught stealing 2nd base 0-1: Foul Ball, location: 2F 0-2: Strikes out swinging
|
Bottom of the 1st over - 1 run, 2 hits, 1 error, 1 left on base; Santa Fe 0 - Memphis 1 |
TOP OF THE 2ND |
Santa Fe Diablos batting - Pitching for Memphis Blues : RHP Chris Jennings
|
Batting: LHB Arturo Rodledo
|
0-0: Ball 1-0: Ball 2-0: Foul Ball, location: 2F 2-1: Foul Ball, location: 2F 2-2: Foul Ball, location: 2F 2-2: Ground out U3 (Groundball, 3)
|
Batting: RHB Flint Todd
|
0-0: Foul Ball, location: 2F 0-1: Swinging Strike 0-2: Ball 1-2: Foul Ball, location: 2F 1-2: Ball 2-2: Ball 3-2: Foul Ball, location: 2F 3-2: SINGLE (Groundball, 4MD)
|
Batting: RHB Chris Rice
|
0-0: Ball 1-0: Ball 2-0: Swinging Strike 2-1: Foul Ball, location: 2F 2-2: Strikes out swinging
|
Batting: RHB Bruce Foley
|
0-0: Called Strike 0-1: Called Strike 0-2: Ball 1-2: Ball 2-2: Ball 3-2: Strikes out swinging
|
Top of the 2nd over - 0 runs, 1 hit, 0 errors, 1 left on base; Santa Fe 0 - Memphis 1 |
BOTTOM OF THE 2ND |
Memphis Blues batting - Pitching for Santa Fe Diablos : RHP Hal Sutcliffe
|
Batting: RHB Artie Green
|
0-0: Called Strike 0-1: Ball 1-1: Fly out, F8 (Flyball, 8RD)
|
Batting: LHB Freddy Torres
|
0-0: Ground out 4-3 (Groundball, 4M)
|
Batting: RHB Miguel Mendoza
|
0-0: Called Strike 0-1: Ball 1-1: Foul Ball, location: 2F 1-2: Strikes out looking
|
Bottom of the 2nd over - 0 runs, 0 hits, 0 errors, 0 left on base; Santa Fe 0 - Memphis 1 |
TOP OF THE 3RD |
Santa Fe Diablos batting - Pitching for Memphis Blues : RHP Chris Jennings
|
Batting: LHB Luis Gallegos
|
0-0: Called Strike 0-1: Swinging Strike 0-2: Strikes out swinging
|
Batting: SHB Ed Dundee
|
0-0: Ball 1-0: Called Strike 1-1: Ball 2-1: SINGLE (Groundball, 3D)
|
Batting: SHB Ángel Díaz
|
0-0: Ball 1-0: Ball 2-0: SINGLE (Groundball, 4MD) Ed Dundee to second Runner from 2nd tries for 3rd, SAFE, no throw
|
Batting: RHB Luis Mercado
|
0-0: Called Strike 0-1: Ball 1-1: Ball 2-1: Called Strike 2-2: Grounds into double play, 5-4-3 (Groundball, 56)
|
Top of the 3rd over - 0 runs, 2 hits, 0 errors, 1 left on base; Santa Fe 0 - Memphis 1 |
BOTTOM OF THE 3RD |
Memphis Blues batting - Pitching for Santa Fe Diablos : RHP Hal Sutcliffe
|
Batting: RHB Glenn Melican
|
0-0: Ball 1-0: Ball 2-0: Ball 3-0: Called Strike 3-1: Base on Balls
|
Batting: RHB Albert Morán
|
0-0: Grounds into double play, 5-4-3 (Groundball, 56)
|
Batting: SHB Hang-ki Yue
|
0-0: Foul Ball, location: 2F 0-1: Foul Ball, location: 2F 0-2: Ball 1-2: Ground out 6-3 (Groundball, 6)
|
Bottom of the 3rd over - 0 runs, 0 hits, 0 errors, 0 left on base; Santa Fe 0 - Memphis 1 |
TOP OF THE 4TH |
Santa Fe Diablos batting - Pitching for Memphis Blues : RHP Chris Jennings
|
Batting: LHB Merrill Erickson
|
0-0: Called Strike 0-1: Fly out, F7 (Line Drive, 78D)
|
Batting: LHB Arturo Rodledo
|
0-0: Ball 1-0: Foul Ball, location: 2F 1-1: Ball 2-1: Ball 3-1: Foul Ball, location: 2F 3-2: Foul Ball, location: 2F 3-2: Base on Balls
|
Batting: RHB Flint Todd
|
0-0: Called Strike 0-1: Ball 1-1: Swinging Strike 1-2: Ball 2-2: Ball 3-2: Strikes out swinging
|
Batting: RHB Chris Rice
|
0-0: Ball 1-0: Called Strike 1-1: Ball 2-1: Fly out, F9 (Flyball, 9)
|
Top of the 4th over - 0 runs, 0 hits, 0 errors, 1 left on base; Santa Fe 0 - Memphis 1 |
BOTTOM OF THE 4TH |
Memphis Blues batting - Pitching for Santa Fe Diablos : RHP Hal Sutcliffe
|
Batting: SHB Fernando Gutiérrez
|
0-0: Fly out, F7 (Flyball, 78S)
|
Batting: RHB Julian Lee
|
0-0: Ball 1-0: Foul Ball, location: 2F 1-1: Fly out, F6 (Line Drive, 6M)
|
Batting: RHB Ryan Nelson
|
0-0: Ball 1-0: Foul Ball, location: 2F 1-1: Fly out, F9 (Flyball, 9LS)
|
Bottom of the 4th over - 0 runs, 0 hits, 0 errors, 0 left on base; Santa Fe 0 - Memphis 1 |
TOP OF THE 5TH |
Santa Fe Diablos batting - Pitching for Memphis Blues : RHP Chris Jennings
|
Batting: RHB Bruce Foley
|
0-0: Swinging Strike 0-1: Swinging Strike 0-2: Ball 1-2: Foul Ball, location: 2F 1-2: Strikes out swinging, 2-3 out at first.
|
Batting: LHB Luis Gallegos
|
0-0: Ball 1-0: Fly out, F7 (Flyball, 78M)
|
Batting: SHB Ed Dundee
|
0-0: Swinging Strike 0-1: Ball 1-1: Foul Ball, location: 2F 1-2: Ball 2-2: Strikes out looking
|
Top of the 5th over - 0 runs, 0 hits, 0 errors, 0 left on base; Santa Fe 0 - Memphis 1 |
BOTTOM OF THE 5TH |
Memphis Blues batting - Pitching for Santa Fe Diablos : RHP Hal Sutcliffe
|
Batting: RHB Artie Green
|
0-0: Called Strike 0-1: Swinging Strike 0-2: Ball 1-2: Ball 2-2: Ball 3-2: Strikes out looking
|
Batting: LHB Freddy Torres
|
0-0: Swinging Strike 0-1: Ball 1-1: Fly out, F9 (Flyball, 89D)
|
Pitching: LHP Homer Bryan
|
|
Batting: RHB Miguel Mendoza
|
0-0: Foul Ball, location: 2F 0-1: SINGLE (Groundball, 3D)
|
Batting: RHB Glenn Melican
|
0-0: Called Strike 0-1: Called Strike 0-2: Strikes out swinging
|
Bottom of the 5th over - 0 runs, 1 hit, 0 errors, 1 left on base; Santa Fe 0 - Memphis 1 |
TOP OF THE 6TH |
Santa Fe Diablos batting - Pitching for Memphis Blues : RHP Chris Jennings
|
Batting: SHB Ángel Díaz
|
0-0: Foul Ball, location: 2F 0-1: Ball 1-1: SINGLE (Line Drive, 89S)
|
Batting: RHB Luis Mercado
|
0-0: Ball 1-0: Foul Ball, location: 2F 1-1: Ball 2-1: Ball 3-1: Base on Balls Ángel Díaz to second
|
Batting: LHB Merrill Erickson
|
0-0: Grounds into double play, 5-4-3 (Groundball, 56) Ángel Díaz to third
|
Batting: LHB Arturo Rodledo
|
0-0: Ball 1-0: Ball 2-0: Called Strike 2-1: Called Strike 2-2: Ball 3-2: Foul Ball, location: 2F 3-2: Foul Ball, location: 2F 3-2: Ground out 3-1 (Groundball, 34)
|
Top of the 6th over - 0 runs, 1 hit, 0 errors, 1 left on base; Santa Fe 0 - Memphis 1 |
BOTTOM OF THE 6TH |
Memphis Blues batting - Pitching for Santa Fe Diablos : LHP Homer Bryan
|
Batting: RHB Albert Morán
|
0-0: Ball 1-0: Foul Ball, location: 2F 1-1: Ball 2-1: Fly out, F7 (Flyball, 7S)
|
Batting: SHB Hang-ki Yue
|
0-0: Called Strike 0-1: Foul Ball, location: 2F 0-2: Foul Ball, location: 2F 0-2: Strikes out swinging
|
Batting: SHB Fernando Gutiérrez
|
0-0: Fly out, F7 (Flyball, 7)
|
Bottom of the 6th over - 0 runs, 0 hits, 0 errors, 0 left on base; Santa Fe 0 - Memphis 1 |
TOP OF THE 7TH |
Santa Fe Diablos batting - Pitching for Memphis Blues : RHP Chris Jennings
|
Batting: RHB Flint Todd
|
0-0: Called Strike 0-1: Fly out, F7 (Flyball, 7)
|
Batting: RHB Chris Rice
|
0-0: Ball 1-0: Called Strike 1-1: Fly out, F4 (Popup, 4S)
|
Batting: RHB Bruce Foley
|
0-0: SINGLE (Line Drive, 8LS)
|
Pinch Hitting: LHB Robinson Ordóñez
|
0-0: Ball 1-0: Ball 2-0: Ball 3-0: Called Strike 3-1: Foul Ball, location: 2F 3-2: Base on Balls Bruce Foley to second
|
Pinch Hitting: RHB Frank Martínez
|
0-0: Ball 1-0: Ball 2-0: Ball 3-0: Swinging Strike 3-1: Foul Ball, location: 2F 3-2: Foul Ball, location: 2F 3-2: Strikes out looking
|
Top of the 7th over - 0 runs, 1 hit, 0 errors, 2 left on base; Santa Fe 0 - Memphis 1 |
BOTTOM OF THE 7TH |
Memphis Blues batting - Pitching for Santa Fe Diablos : LHP Homer Bryan
|
Now at SS: Frank Martínez
|
|
Now in LF: Robinson Ordóñez
|
|
Batting: RHB Julian Lee
|
0-0: Called Strike 0-1: Foul Ball, location: 2F 0-2: Ball 1-2: Ball 2-2: Strikes out swinging
|
Batting: RHB Ryan Nelson
|
0-0: Foul Ball, location: 2F 0-1: Ball 1-1: Fly out, F7 (Flyball, 7S)
|
Batting: RHB Artie Green
|
0-0: Ball 1-0: Foul Ball, location: 2F 1-1: Ball 2-1: Ball 3-1: Called Strike 3-2: Base on Balls
|
Pinch Hitting: RHB Wilson Flores
|
0-0: Swinging Strike 0-1: Ground out 5-3 (Groundball, 5S)
|
Bottom of the 7th over - 0 runs, 0 hits, 0 errors, 1 left on base; Santa Fe 0 - Memphis 1 |
TOP OF THE 8TH |
Santa Fe Diablos batting - Pitching for Memphis Blues : RHP Chris Jennings
|
Pitching: LHP Fernando Palácios
|
|
Now at 3B: Wilson Flores
|
|
Batting: SHB Ángel Díaz
|
0-0: Ball 1-0: Ball 2-0: Swinging Strike 2-1: Swinging Strike 2-2: Foul Ball, location: 2F 2-2: Ball 3-2: Ground out 4-3 (Groundball, 4)
|
Batting: RHB Luis Mercado
|
0-0: Called Strike 0-1: Swinging Strike 0-2: Ball 1-2: SINGLE (Groundball, 6M) (infield hit)
|
Batting: LHB Merrill Erickson
|
0-0: Ball 1-0: Grounds into double play, 4-6-3 (Groundball, 4)
|
Top of the 8th over - 0 runs, 1 hit, 0 errors, 0 left on base; Santa Fe 0 - Memphis 1 |
BOTTOM OF THE 8TH |
Memphis Blues batting - Pitching for Santa Fe Diablos : LHP Homer Bryan
|
Batting: RHB Miguel Mendoza
|
0-0: Called Strike 0-1: Swinging Strike 0-2: Ball 1-2: Foul Ball, location: 2F 1-2: Foul Ball, location: 2F 1-2: SINGLE (Groundball, 56D)
|
Batting: RHB Glenn Melican
|
0-0: Swinging Strike 0-1: Called Strike 0-2: Ball 1-2: Ball 2-2: SINGLE (Groundball, 6) (infield hit) Miguel Mendoza to second
|
Batting: RHB Albert Morán
|
0-0: Called Strike 0-1: Sac Bunt - play at first, batter OUT! 5-4 Miguel Mendoza to third Glenn Melican to second
|
Batting: SHB Hang-ki Yue
|
0-0: Ball 1-0: Ball 2-0: Called Strike 2-1: Swinging Strike 2-2: Foul Ball, location: 2F 2-2: Ball 3-2: Base on Balls
|
Batting: SHB Fernando Gutiérrez
|
0-0: Ball 1-0: Grounds into fielders choice 5-2 (Groundball, 56S) Glenn Melican to third Hang-ki Yue to second
|
Batting: RHB Julian Lee
|
0-0: Ball 1-0: Called Strike 1-1: Ball 2-1: Fielders Choice at 2nd, 6-4 (Groundball, 6)
|
Bottom of the 8th over - 0 runs, 2 hits, 0 errors, 3 left on base; Santa Fe 0 - Memphis 1 |
TOP OF THE 9TH |
Santa Fe Diablos batting - Pitching for Memphis Blues : LHP Fernando Palácios
|
Pitching: LHP Peter Turner
|
|
Now at C: Guy Morrison
|
|
Now at 2B: José Velásquez
|
|
Pinch Hitting: RHB Nick Vogel
|
0-0: Ball 1-0: Ball 2-0: Ball 3-0: Called Strike 3-1: Base on Balls
|
Pinch Runner at 1st Carl O'Dell:
|
|
Batting: RHB Flint Todd
|
0-0: Foul Ball, location: 2F 0-1: Ball 1-1: Ball 2-1: Foul Ball, location: 2F 2-2: Strikes out looking
|
Batting: RHB Chris Rice
|
0-0: Ball 1-0: Foul Ball, location: 2F 1-1: Foul Ball, location: 2F 1-2: Strikes out swinging
|
Batting: RHB Bruce Foley
|
0-0: Ball 1-0: Fielders Choice at 2nd, 6-4 (Groundball, 6)
|
Top of the 9th over - 0 runs, 0 hits, 0 errors, 1 left on base; Santa Fe 0 - Memphis 1 |
|